 Dungeon Crawl Stone Soup version 0.19-a0-1905-ge8b2aad (webtiles) character file.

99 Naow the Sneak (level 4, -3/21 HPs)
             Began as a Spriggan Enchanter on Oct 21, 2016.
             Killed from afar by Sigmund (4 damage)
             ... with a magic dart
             ... on level 3 of the Dungeon.
             The game lasted 00:05:41 (2557 turns).

Naow the Sneak (Spriggan Enchanter)                 Turns: 2557, Time: 00:05:42

Health: -3/21      AC:  3    Str:  8 (9)  XL:     4   Next: 45%
Magic:  9/11       EV: 17    Int: 14 (16) God:
Gold:   112        SH:  5    Dex: 16      Spells: 2 memorised, 8 levels left

rFire  . . .     SeeInvis +     a - +1 dagger
rCold  + . .     Gourm    .     b - +1 robe
rNeg   . . .     Faith    .     m - +0 buckler (curse)
rPois  .         Spirit   .     (helmet restricted)
rElec  .         Reflect  .     (no cloak)
rCorr  .         Harm     .     (gloves unavailable)
MR     .....                    (boots unavailable)
Stlth  +++.......               (no amulet)
                                i - +4 ring of strength
                                f - ring of protection from cold

@: very quick
A: unfitting armour, see invisible, herbivore 3, speed 3, slow metabolism 2
a: no special abilities


You were on level 3 of the Dungeon.
You were hungry.

You visited 1 branch of the dungeon, and saw 3 of its levels.

You collected 112 gold pieces.

Inventory:

Hand Weapons
 a - a +1 dagger (weapon)
Armour
 b - a +1 robe (worn)
 m - a cursed +0 buckler (worn)
Jewellery
 f - a ring of protection from cold (left hand)
 i - a +4 ring of strength (right hand)
Scrolls
 g - a scroll of recharging {unknown}
 h - 6 scrolls of identify {unknown}
 l - a scroll of remove curse {unknown}
 n - a scroll of magic mapping {unknown}
 q - a scroll of teleportation {unknown}
Potions
 e - a potion of might
 j - a potion of flight {unknown}
 k - 2 potions of haste {unknown}
 o - a potion of magic {unknown}
 s - 3 potions of beneficial mutation {unknown}
Books
 c - a book of Maledictions

   Spells                             Type                      Level
   a - Corona                         Hexes                        1
   b - Ensorcelled Hibernation        Hexes/Ice                    2
   c - Confuse                        Hexes                        3
   d - Tukima's Dance                 Hexes                        3
   e - Dazzling Spray                 Conjuration/Hexes            3
Comestibles
 d - a bread ration
 p - a royal jelly
 r - a slice of pizza


   Skills:
 - Level 1.1 Short Blades
 - Level 3.0 Dodging
 + Level 5.8 Stealth
 + Level 4.0 Spellcasting
 + Level 4.7 Hexes


You had 8 spell levels left.
You knew the following spells:

 Your Spells              Type           Power        Failure   Level  Hunger
a - Corona                Hex            ###....      6%          1    None
b - Ensorcelled Hibernat  Hex/Ice        #.....       21%         2    ##.....


Dungeon Overview and Level Annotations

Branches:
Dungeon (3/15)

Altars:
Nemelex Xobeh
Zin

Shops:
D:2 *

Annotations:
D:3 Sigmund


Innate Abilities, Weirdness & Mutations

You are very small and have problems with some larger weapons.
You are too small for most types of armour.
You have supernaturally acute eyesight. (SInv)
You are a herbivore.
You cover ground extremely quickly.
You need consume almost no food.


Message History

Sigmund gestures at you while chanting. The magic dart hits you!
Casting: Ensorcelled Hibernation
Confirm with . or Enter, or press ? or * to list all spells.
Aiming: Ensorcelled Hibernation
Press: ? - help, Shift-Dir - straight line, f - Sigmund
Aim: Sigmund, wielding a scythe and wearing a robe (chance to defeat MR: 50%) Sigmund looks drowsy...
You are feeling hungry.
The helpless Sigmund fails to defend himself.
You impale Sigmund!!
Sigmund is almost dead.
Sigmund hits you with a scythe!
* * * LOW HITPOINT WARNING * * *
Sigmund casts a spell at you. The puff of flame misses you.
There is a stone staircase leading up here.
Sigmund points at you and mumbles some strange words.
The magic dart hits you!
You die...

... .#
...#######.#
.........#.#
.....##.#.######
...#..@@.....#
..#
#.##.######.#
.....#.....#
#........#
b....###@..#
...$ #...# ..
....# ####...
....# #...# .#..
.##


You could see Sigmund.

Vanquished Creatures
  4 adders
  2 worms (D:2)
  3 dart slugs
  2 leopard geckos
  A ball python (D:1)
  2 giant cockroaches
  5 goblins
  6 hobgoblins
  2 jackals (D:2)
  2 quokkas (D:2)
  6 bats
  3 frilled lizards
  4 kobolds
  10 rats
52 creatures vanquished.

Notes
Turn   | Place    | Note
-------+----------+-------------------------------------------
     0 | D:1      | Naow the Spriggan Enchanter began the quest for the Orb.
     0 | D:1      | Reached XP level 1. HP: 9/9 MP: 5/5
   282 | D:1      | Reached XP level 2. HP: 6/13 MP: 7/7
   286 | D:1      | Learned a level 2 spell: Ensorcelled Hibernation
  1016 | D:2      | Reached skill level 5 in Stealth
  1027 | D:2      | Found a faded altar of an unknown god.
  1476 | D:2      | Reached XP level 3. HP: 14/16 MP: 0/8
  1875 | D:2      | Found Zin's Purification Station.
  1875 | D:2      | Found a glowing silver altar of Zin.
  1970 | D:2      | Reached XP level 4. HP: 21/21 MP: 7/10
  2082 | D:3      | Found a sparkling altar of Nemelex Xobeh.
  2547 | D:3      | Noticed Sigmund
  2552 | D:3      | HP: 1/21 [Sigmund/scythe (9)]
  2557 | D:3      | Killed from afar by Sigmund

Vault maps used:
D:1:      dpeg_arrival_arbitrary_b
D:2:      zin_purify, ecumenical_altar_2, moated_statue, minmay_misc_feat_tower
D:3:      nemelex_xobeh_ov_fountains_minmay, kennysheep_generic_room_6,
          uniq_sigmund

Skill      XL: |  1  2  3  4 |
---------------+-------------+-----
Spellcasting   | 3 4 |  4.0
Hexes          | 4 |  4.7
Stealth        | 5 |  5.8
Short Blades   | |  1.1
Dodging        | |  3.0

Action                   |  1- 3 |  4- 6 || total
-------------------------+-------+-------++-------
Melee: Dagger            |   164 |    45 ||   209
 Cast: Ensorcelled Hiber |    14 |     3 ||    17
  Use: Potion            |     5 |       ||     5
 Stab: Sleeping          |    16 |     6 ||    22
Armor: Robe              |    12 |     3 ||    15
Dodge: Dodged            |   113 |    26 ||   139
Block: Buckler           |       |    10 ||    10
